 Dungeon Crawl Stone Soup version 0.31-a0-237-g2d982f9f85 (webtiles) character file.

Game seed: 12906489082611793358

28 qw the Shooter (level 3, -4/29 HPs)
             Began as a Minotaur Hexslinger on July 11, 2023.
             Slain by a gnoll
             ... wielding a +0 whip
              (5 damage)
             ... on level 3 of the Dungeon.
             The game lasted 00:00:21 (756 turns).

qw the Shooter (Minotaur Hexslinger)                 Turns: 756, Time: 00:00:22

Health: -4/29      AC:  4    Str: 12    XL:     3   Next: 0%
Magic:  3/3        EV: 12    Int: 10    God:
Gold:   43         SH:  0    Dex: 14    Spells: 3/4 levels left

rFire   . . .        Y - +1 sling
rCold   . . .        (no shield)
rNeg    . . .        j - +0 leather armour
rPois   .            (helmet restricted)
rElec   .            e - +0 cloak
rCorr   .            (no gloves)
SInv    .            (no boots)
Will    .....        (no amulet)
Stlth   +            (no ring)
HPRegen 0.24/turn    (no ring)
MPRegen 0.08/turn

%: no passive effects
@: no status effects
A: horns 2, retaliatory headbutt
a: no special abilities


You were on level 3 of the Dungeon.
You visited 1 branch of the dungeon, and saw 4 of its levels.

You collected 43 gold pieces.


Innate Abilities, Weirdness & Mutations

You have a pair of horns on your head.
You reflexively headbutt those who attack you in melee.


   Skills:
 - Level 2.0 Fighting
 + Level 3.5 Ranged Weapons
 - Level 2.1 Dodging
 - Level 1.0 Spellcasting
 - Level 2.0 Hexes


You had 3 spell levels left.
You knew the following spells:

 Your Spells              Type           Power      Damage    Failure   Level
a - Slow                  Hex            16%        N/A       19%         1

Your spell library contained the following spells:

 Spells                   Type           Power      Damage    Failure   Level
 Inner Flame              Hex/Fire       2%         N/A       65%         3
 Portal Projectile        Hex/Tloc       4%         N/A       65%         3
 Cause Fear               Hex            2%         N/A       88%         4

Inventory:

Hand Weapons
 Y - a +1 sling (weapon)
Armour
 e - a +0 cloak (worn)
 j - a +0 leather armour (worn)
Potions
 f - a potion of might {unknown}

Dungeon Overview and Level Annotations

Branches:
Dungeon (4/15)
 Temple: D:4-7

Altars:

Shops:
D:4 ?


Message History

(D) Dungeon
Where to? (* - list waypoints, Enter - D:2, ? - help)
What level of the Dungeon? (default 1, ? - help)
Found a falchion and 11 gold pieces.
Found a scroll of identify.
There is a stone staircase leading up here.
You climb upwards.
The gnoll shouts! x3; The ball python hisses angrily.
You hear a shout!
Found three items.
There is a stone staircase leading down here.
There are monsters nearby!
Waypoint 3 assigned to D:3.
You shoot a sling bullet.
The sling bullet completely misses the gnoll.
The sling bullet hits the gnoll.
The gnoll is moderately wounded.
The ball python bites you but does no damage.
The ball python grabs you. The ball python constricts you.
The gnoll hits you from afar with a +0 spear.
The gnoll closely misses you. You furiously retaliate!
You headbutt the gnoll, but do no damage.
The gnoll hits you with a +0 heavy halberd!
You shoot a sling bullet. The sling bullet hits the ball python.
You kill the ball python!
The gnoll hits you but does no damage.
You have reached level 3!
Your experience leads to an increase in your attributes!
Increase (S)trength, (I)ntelligence, or (D)exterity?
You feel agile. x2
You shoot a sling bullet. The sling bullet hits the gnoll.
The gnoll is lightly wounded.
The gnoll closely misses you. The gnoll hits you but does no damage.
The gnoll closely misses you.
You shoot a sling bullet. The sling bullet hits the gnoll.
The gnoll is heavily wounded.
The gnoll closely misses you. The gnoll hits you with a +0 whip.
The gnoll hits you with a +0 club.
The gnoll hits you with a +0 heavy halberd.
A goblin comes into view. It is wielding a +0 dagger.
The gnoll hits you with a +0 whip.
You die...

# ...$...
##. .....?.
.. .......
.. ....... #
.##.......
#g ...g.....
#..#gg......
#...@g......
##.##.......
# .......
...?...
.......
#######


You could see 4 gnolls and a goblin.

Vanquished Creatures
  A dart slug (D:1)
  4 ball pythons
  5 endoplasms (D:1)
  A giant cockroach (D:1)
  A hobgoblin (D:1)
  2 quokkas (D:2)
  4 bats
  4 frilled lizards
  2 rats (D:1)
24 creatures vanquished.

Notes
Turn   | Place    | Note
-------+----------+-------------------------------------------
     0 | D:1      | qw the Minotaur Hexslinger began the quest for the Orb.
     0 | D:1      | Reached XP level 1. HP: 16/16 MP: 1/1
     0 | D:1      | 0 ||| qw: Version: 0.3-a-52-g30416fa
     0 | D:1      | 0 ||| qw: Game counter: 5555
     0 | D:1      | 0 ||| qw: Melee chars always use a shield: true
     0 | D:1      | 0 ||| qw: God list: Okawaru
     0 | D:1      | 0 ||| qw: Allow faded altars: false
     0 | D:1      | 0 ||| qw: Do Orc after clearing Dungeon:15 true
     0 | D:1      | 0 ||| qw: Do second Lair branch before Depths: true
     0 | D:1      | 0 ||| qw: Lair rune preference: random
     0 | D:1      | 0 ||| qw: Goals: Normal
     0 | D:1      | 0 ||| PLANNING D:1-11
    75 | D:1      | 75 ||| FLEEEEING.
    76 | D:1      | 76 ||| FLEEEEING.
    93 | D:1      | Reached skill level 3 in Ranged Weapons
   118 | D:1      | Reached XP level 2. HP: 23/23 MP: 2/2
   208 | D:1      | 208 ||| UPGRADING to +0 cloak.
   626 | D:1      | 626 ||| UPGRADING to +0 leather armour.
   636 | D:1      | 636 ||| DROPPING +0 robe.
   637 | D:1      | 637 ||| READING scroll labelled JUSEAZX LEQO.
   638 | D:1      | 638 ||| READING scroll labelled XIUTOZEMUN.
   639 | D:1      | 639 ||| READING scroll labelled KOX POPPICLOST.
   640 | D:1      | 640 ||| READING scroll labelled ZURAULA PERUAK.
   641 | D:1      | 641 ||| DROPPING scroll of poison.
   713 | D:2      | Found a faded altar of an unknown god.
   740 | D:2      | You fall into a shaft and drop 2 floors!
   748 | D:4      | Found Wogel's Magic Scroll Emporium.
   755 | D:3      | Reached XP level 3. HP: 15/29 MP: 3/3
   756 | D:3      | HP: 5/29 [gnoll/+0 club (6)]
   756 | D:3      | HP: 1/29 [gnoll/+0 heavy halberd (4)]
   756 | D:3      | Slain by a gnoll

Levels and vault maps discovered:
D:1:      lemuel_arrival_room, layout_basic, nrook_campfire, kennysheep_doodads
D:2:      layout_loops_ring, shapermc_ecumenical_altar_rom_forum,
          grunt_ministairs_13, minmay_tetromino_s4
D:3:      layout_basic, nicolae_hepliaklqana_hippocampus, st_stairs_7
D:4:      layout_basic, nicolae_dithmenos_shadow_blocks, amcnicky_altar_gilded,
          trog_hazing_becter, gammafunk_temple_overflow_statue, temple_statues,
          serial_shops, shop, hangedman_decor_growths

Skill      XL: |  1  2 |
---------------+-------+-----
Ranged Weapons | 3 |  3.5
Fighting       | 2 |  2.0
Dodging        | |  2.1
Spellcasting   | |  1.0
Hexes          | |  2.0

Action                     || total
---------------------------++-------
   Fire: Sling             ||    67
    Use: Scroll            ||     4
 Armour: Leather armour    ||     5
         Robe              ||     4
  Dodge: Dodged            ||    18

Table legend:
 A = Non-vault XP
 B = Vault XP
 C = Vault XP percentage of total XP
 D = Non-vault monster count
 E = Vault monster count
 F = Vault count percentage of total count
                 A         B        C        D         E       F
            +---------+---------+-------+---------+---------+-------
      Total |      41 |       0 |   0.0 |      24 |       0 |   0.0
            +---------+---------+-------+---------+---------+-------
        D:1 |      32 |       0 |   0.0 |      18 |       0 |   0.0
        D:2 |       8 |       0 |   0.0 |       5 |       0 |   0.0
        D:3 |       1 |       0 |   0.0 |       1 |       0 |   0.0
            +---------+---------+-------+---------+---------+-------
